 Dungeon Crawl Stone Soup version 0.20.0-8-g6b59dc7 (console) character file.

4468 removed the Geomancer (level 10, -4/96 HPs)
             Began as an Ogre Earth Elementalist on June 2, 2017.
             Was an Initiate of Ashenzari.
             Killed by divine providence
             ... invoked by an orc priest
              (10 damage)
             ... on level 8 of the Dungeon.
             The game lasted 00:17:38 (8283 turns).

removed the Geomancer (Ogre Earth Elementalist)     Turns: 8283, Time: 00:17:39

Health: -4/96      AC:  4    Str: 14    XL:     10   Next: 37%
Magic:  1/20       EV: 10    Int: 19    God:    Ashenzari [......]
Gold:   369        SH:  2    Dex:  9    Spells: 17/23 levels left

rFire    . . .     SeeInvis .   a - +2 short sword (vamp)
rCold    + . .     Gourm    .   (no shield)
rNeg     . . .     Faith    .   c - +0 robe
rPois    .         Spirit   .   (helmet restricted)
rElec    .         Reflect  +   o - +0 cloak
rCorr    .         Harm     .   (gloves unavailable)
MR       +....                  (boots unavailable)
Stlth    +.........             i - +2 amulet of reflection
Regen    0.3/turn               M - ring of protection from cold
MPRegen  0.2/turn               (no ring)

@: no status effects
A: unfitting armour, tough skin 1
a: Curse Item, Renounce Religion


You were on level 8 of the Dungeon.
You worshipped Ashenzari.
Ashenzari was noncommittal.
You were hungry.

You visited 1 branch of the dungeon, and saw 8 of its levels.

You collected 369 gold pieces.

Inventory:

Hand Weapons
 a - a +2 vampiric short sword (weapon)
 q - a cursed -2 long sword
 X - a +1 great mace
Missiles
 V - 64 stones (quivered)
Armour
 c - a +0 robe (worn)
 o - a +0 cloak (worn)
Jewellery
 i - a +2 amulet of reflection (around neck)
 z - an uncursed ring of ice
 J - an uncursed ring of ice
 M - a ring of protection from cold (left hand)
 Y - an uncursed amulet of rage
Wands
 y - a wand of disintegration (7/24)
 F - a wand of iceblast (5/15)
Scrolls
 g - a scroll of fear {unknown}
 h - a scroll of recharging {unknown}
 j - 5 scrolls of identify {unknown}
 p - 2 scrolls of remove curse
 t - a scroll of magic mapping {unknown}
 u - 3 scrolls of teleportation {unknown}
 x - 3 scrolls of enchant weapon
 D - a scroll of noise {unknown}
 G - 2 scrolls of fog {unknown}
 O - a scroll of amnesia {unknown}
 P - a scroll of enchant armour {unknown}
 R - a scroll of silence {unknown}
 T - 2 scrolls of blinking {unknown}
Potions
 l - a potion of haste
 n - a potion of agility {unknown}
 r - 2 potions of curing
 A - 2 potions of brilliance {unknown}
 C - a potion of lignification {unknown}
 K - 2 potions of mutation {unknown}
Books
 e - a book of Geomancy

   Spells                             Type                      Level
   a - Sandblast                      Earth                        1
   b - Passwall                       Transmutation/Earth          2
   c - Stone Arrow                    Conjuration/Earth            3
   d - Petrify                        Transmutation/Earth          4
   e - Lee's Rapid Deconstruction     Earth                        5
 H - a book of Minor Magic

   Spells                             Type                      Level
   a - Magic Dart                     Conjuration                  1
   b - Blink                          Translocation                2
   c - Call Imp                       Summoning                    2
   d - Slow                           Hexes                        2
   e - Conjure Flame                  Conjuration/Fire             3
   f - Mephitic Cloud                 Conjuration/Poison/Air       3
Comestibles
 f - 6 meat rations
 w - 4 royal jellies
 B - 4 bread rations
 Z - 6 chunks of flesh


   Skills:
 - Level 5.0 Fighting
 - Level 1.7 Dodging
 - Level 1.4 Stealth
 - Level 7.2 Spellcasting
 - Level 7.0 Conjurations
 - Level 3.0 Translocations
   Level 0.8 Transmutations
 + Level 9.3 Earth Magic


You had 17 spell levels left.
You knew the following spells:

 Your Spells              Type           Power        Failure   Level  Hunger
a - Sandblast             Erth           #####.       1%          1    None
b - Stone Arrow           Conj/Erth      #####.       1%          3    #......
l - Blink                 Tloc           N/A          4%          2    None


Dungeon Overview and Level Annotations

Branches:
Dungeon (8/15)             Temple (0/1) D:7            Lair (0/6) D:8

Altars:
Ashenzari
Cheibriados
Elyvilon
Fedhas
Gozag
Makhleb
Qazlal
Sif Muna
Trog
Vehumet
Yredelemnul
Zin

Shops:
D:6 *


Innate Abilities, Weirdness & Mutations

You are too large for most types of armour.
You have tough skin. (AC +1)


Message History

Confirm with . or Enter, or press ? or * to list all spells.
Aiming: Stone Arrow
Press: ? - help, Shift-Dir - straight line, f - orc priest
Aim: an orc priest, wielding a short sword and wearing a ring mail The stone arrow misses the orc priest.
The orc priest mumbles some strange prayers to Beogh against you.
You resist with significant effort.
Items here: ) [ †† an uncursed long sword; an uncursed chain mail; a warg corpse x2
You hit the orc priest but do no damage.
The orc priest barely misses you.
The orc priest hits you with a short sword.
* * * LOW HITPOINT WARNING * * *
You completely miss the orc priest.
The orc wizard looks satisfied for a moment.
The orc priest hits you but does no damage.
You closely miss the orc priest.
The orc priest mumbles some strange prayers to Beogh against you.
Beogh smites you!
You die...

.≈≈≈...# ≈≈≈≈≈..#
#.....>..... ≈≈≈≈≈..#
.....o.o..# ≈≈≈≈≈≈.#
?....o... ≈≈≈≈≈..# #..!h...#
.≈.....##### #...oh..#
............ #.....# ..#
.......##### #...###...#.
.......## #.#......#..
........############).......
..#
.............)..@o..o.......
..#
###....##############......#
#. ##..## ###..## # #..# ###
# ##.## ####### # #..#
#.....###### ## ##.#
#..........##### #. #.##
#..............###. #..#
#........(......#.. ##[##
#...............#.. #..#
#..................


You could see an orc priest and an orc wizard.

Vanquished Creatures
  A two-headed ogre (D:6)
  A polar bear (D:8)
  Sigmund (D:6)
  A yak (D:8)
  A hungry ghost (D:7)
  2 wargs (D:8)
  3 orc warriors
  2 ice beasts
  4 sky beasts
  A black bear (D:7)
  4 centaurs
  An ogre (D:6)
  A wolf (D:7)
  A bullfrog (D:7)
  A wyvern skeleton (D:5)
  4 scorpions
  2 howler monkeys
  An electric eel (D:8)
  A jelly (D:6)
  2 bullfrog zombies
  A bullfrog skeleton (D:7)
  3 orc priests
  2 hounds
  A centaur skeleton (D:6)
  An iron imp (D:5)
  6 orc wizards
  An iguana (D:4)
  Terence (D:3)
  8 worker ants
  A bullfrog simulacrum (D:8)
  A hound zombie (D:5)
  4 gnolls (D:2)
  9 adders
  A shadow imp (D:8)
  2 white imps (D:8)
  An ooze (D:2)
  3 adder skeletons (D:4)
  3 worms
  A dart slug (D:1)
  4 leopard geckos
  21 orcs
  6 giant cockroaches
  7 goblins
  4 hobgoblins
  6 jackals
  5 quokkas
  14 bats
  A frilled lizard (D:3)
  10 kobolds
  A quokka skeleton (D:4)
  6 rats
170 creatures vanquished.

Vanquished Creatures (others)
  A centaur (D:6)
1 creature vanquished.

Grand Total: 171 creatures vanquished

Notes
Turn   | Place    | Note
-------+----------+-------------------------------------------
     0 | D:1      | removed the Ogre Earth Elementalist began the quest for the Orb.
     0 | D:1      | Reached XP level 1. HP: 16/16 MP: 3/3
   246 | D:1      | Reached skill level 3 in Earth Magic
   580 | D:1      | Reached XP level 2. HP: 24/24 MP: 5/5
   944 | D:2      | Reached XP level 3. HP: 30/31 MP: 4/6
  1018 | D:2      | Reached skill level 4 in Earth Magic
  1323 | D:2      | Reached XP level 4. HP: 39/39 MP: 4/7
  1642 | D:2      | Reached skill level 5 in Earth Magic
  1642 | D:2      | Reached XP level 5. HP: 45/45 MP: 3/8
  1795 | D:3      | Noticed Terence
  1948 | D:3      | Found a deep blue altar of Sif Muna.
  2039 | D:3      | Learned a level 3 spell: Stone Arrow
  2103 | D:3      | Killed Terence
  2103 | D:3      | Reached skill level 1 in Conjurations
  2147 | D:3      | Found a glowing silver altar of Zin.
  2148 | D:3      | Found an opulent altar of Gozag.
  2513 | D:3      | Reached XP level 6. HP: 43/53 MP: 3/9
  3089 | D:4      | Found a bloodstained altar of Trog.
  3566 | D:4      | Reached XP level 7. HP: 51/59 MP: 2/10
  3756 | D:4      | Found a white marble altar of Elyvilon.
  3784 | D:4      | Found a burning altar of Makhleb.
  3859 | D:4      | You fall through a shaft!
  3859 | D:5      | Entered Level 5 of the Dungeon
  4007 | D:5      | Learned a level 2 spell: Blink
  4054 | D:5      | Reached skill level 6 in Earth Magic
  4184 | D:5      | Reached XP level 8. HP: 47/67 MP: 8/14
  4355 | D:5      | Found a snail-covered altar of Cheibriados.
  4453 | D:5      | Found a basalt altar of Yredelemnul.
  4744 | D:6      | Reached skill level 7 in Earth Magic
  4970 | D:6      | Noticed a two-headed ogre
  5324 | D:6      | Noticed Sigmund
  5332 | D:6      | Reached skill level 5 in Spellcasting
  5458 | D:6      | Found Makoumm's Assorted Antiques.
  5538 | D:6      | Killed Sigmund
  5644 | D:6      | Killed a two-headed ogre
  5644 | D:6      | Reached XP level 9. HP: 55/74 MP: 3/19
  6318 | D:5      | Reached skill level 8 in Earth Magic
  6334 | D:5      | Reached skill level 1 in Fighting
  6700 | D:7      | Found a radiant altar of Vehumet.
  6700 | D:7      | Found a shattered altar of Ashenzari.
  6702 | D:7      | Found a blossoming altar of Fedhas.
  6702 | D:7      | Found a stormy altar of Qazlal.
  6718 | D:7      | Became a worshipper of Ashenzari the Shackled
  6731 | D:7      | Found a white marble altar of Elyvilon.
  6994 | D:7      | Found a staircase to the Ecumenical Temple.
  7172 | D:7      | Reached skill level 5 in Fighting
  7249 | D:7      | Reached skill level 1 in Translocations
  7399 | D:7      | Reached XP level 10. HP: 81/96 MP: 5/20
  8227 | D:8      | Found a staircase to the Lair.
  8237 | D:8      | Reached skill level 9 in Earth Magic
  8271 | D:8      | HP: 2/96 [orc/whip (7)]
  8283 | D:8      | Killed from afar by an orc priest

Skill      XL: |  1  2  3  4  5  6  7  8  9 10 |
---------------+-------------------------------+-----
Earth Magic    | 3 4 5 6 7 8 9 |  9.3
Conjurations   | 2 4 6 7 |  7.0
Spellcasting   | 4 7 |  7.2
Fighting       | 5 |  5.0
Translocations | 2 3 |  3.0
Dodging        | |  1.7
Stealth        | |  1.4
Transmutations | |  0.8

Action                   |  1- 3 |  4- 6 |  7- 9 | 10-12 || total
-------------------------+-------+-------+-------+-------++-------
Melee: Short sword       |    62 |   158 |   119 |    37 ||   376
       Unarmed           |    14 |       |       |       ||    14
 Cast: Sandblast         |    30 |    45 |    69 |       ||   144
       Stone Arrow       |       |     4 |    57 |    36 ||    97
       Blink             |       |       |     2 |       ||     2
  Use: Potion            |       |       |     3 |       ||     3
       Scroll            |       |       |     1 |       ||     1
 Stab: Sleeping          |       |     1 |       |       ||     1
  Eat: Bread ration      |     1 |       |       |       ||     1
       Chunk             |     2 |     8 |    11 |     3 ||    24
       Royal jelly       |       |       |     1 |       ||     1
Armor: Robe              |    67 |    73 |    46 |    11 ||   197
Dodge: Dodged            |    79 |   105 |    91 |    25 ||   300
Block: Other             |       |     2 |    12 |     6 ||    20
       Reflection        |       |       |     2 |     1 ||     3
